 Dungeon Crawl Stone Soup version 0.26.1-11-gd32895ea62 (webtiles) character file.

Game seed: 5027222586829835892

48 DildoBatman the Conjurer (level 4, -4/30 HPs)
             Began as a Formicid Conjurer on July 4, 2021.
             Slain by Pikel
             ... wielding a +2 whip of electrocution
              (8 damage)
             ... on level 4 of the Dungeon.
             The game lasted 00:03:44 (1315 turns).

DildoBatman the Conjurer (Formicid Conjurer)        Turns: 1315, Time: 00:03:44

Health: -4/30      AC:  2    Str: 12    XL:     4   Next: 0%
Magic:  7/7        EV: 12    Int: 17    God:
Gold:   159        SH:  0    Dex: 16    Spells: 4/7 levels left

rFire    . . .     SeeInvis +   l - +0 short sword
rCold    . . .     Faith    .   (no shield)
rNeg     . . .     Spirit   .   a - +0 robe
rPois    +         Reflect  .   (helmet unavailable)
rElec    .         Harm     .   (no cloak)
rCorr    .         Rampage  .   (no gloves)
Will     .....                  (no boots)
Stlth    ++........             (no amulet)
HPRegen  0.10/turn              e - ring of poison resistance
MPRegen  0.10/turn              n - +6 ring of dexterity

@: no status effects
A: permanent stasis, dig shafts and tunnels, four strong arms, antennae 3
a: Dig, Shaft Self


You were on level 4 of the Dungeon.
You visited 1 branch of the dungeon, and saw 3 of its levels.

You collected 159 gold pieces.

Inventory:

Hand Weapons
 j - a +0 hunting sling
 l - a +0 short sword (weapon)
Missiles
 b - 99 stones
 d - 37 sling bullets
 f - 25 poisoned darts
 r - 23 bolts
Armour
 a - a +0 robe (worn)
Jewellery
 e - a ring of poison resistance (left hand)
 n - a +6 ring of dexterity (right hand)
Scrolls
 c - a scroll of noise {unknown}
 g - 2 scrolls of teleportation {unknown}
 h - a scroll of remove curse {unknown}
 i - a scroll of identify {unknown}
 q - a scroll of enchant weapon {unknown}
 s - a scroll of blinking {unknown}
Potions
 k - a potion of curing {unknown}
 m - a potion of flight {unknown}
 o - a potion of ambrosia {unknown}
 p - a potion of lignification {unknown}


   Skills:
 - Level 1.7 Dodging
 - Level 2.4 Stealth
 - Level 2.1 Spellcasting
 * Level 4.8 Conjurations


You had 4 spell levels left.
You knew the following spells:

 Your Spells              Type           Power        Failure   Level
a - Searing Ray           Conj           36%          4%          2
c - Magic Dart            Conj           72%          2%          1

Your spell library contained the following spells:

 Spells                   Type           Power        Failure   Level
 Dazzling Flash           Conj/Hex       20%          22%         3
 Fulminant Prism          Conj/Hex       5%           56%         4
 Iskenderun's Mystic Bla  Conj/Tloc      10%          56%         4


Dungeon Overview and Level Annotations

Branches:
Dungeon (2/15)

Altars:

Annotations:
D:1 exclusion: sensed monster (detected)
D:4 Pikel


Innate Abilities, Weirdness & Mutations

You cannot be hasted, slowed, berserked, paralysed or teleported.
You can dig through walls and to a lower floor.
Your four strong arms can wield two-handed weapons with a shield.
You have a pair of large antennae on your head. (SInv)


Message History

What are your orders? t - Shout!
Orders for allies: a - Attack new target. r - Retreat! s - Stop attacking. g - Guard the area. f - Follow me.
Anything else - Cancel.
You shout for attention!
Pikel barely misses you. The lemure hits you. The lemure barely misses you.
What are your orders? t - Shout!
Orders for allies: a - Attack new target. r - Retreat! s - Stop attacking. g - Guard the area. f - Follow me.
Anything else - Cancel.
You shout for attention!
You hear an angry hiss.
Pikel hits you with a +2 whip of electrocution!
You die...

#.(.# ##.##
#... ##.##
#...##.##
##....##
#..#..#
####
#.#.#.#
....
#..##.#
#..##.###.#
#..@5# #.#
###K5o##..
##55...)
#....#.. {
#.##... #.#
#..# ..#
#.# ## ..


You could see Pikel, 4 lemures and an orc.

Vanquished Creatures
  An ooze (D:1)
  A dart slug (D:1)
  A leopard gecko (D:2)
  2 giant cockroaches (D:1)
  4 goblins
  2 hobgoblins
  8 kobolds
  A quokka (D:2)
  A ball python (D:1)
  3 bats
  6 frilled lizards
  12 rats
42 creatures vanquished.

Notes
Turn   | Place    | Note
-------+----------+-------------------------------------------
     0 | D:1      | DildoBatman the Formicid Conjurer began the quest for the
                  | Orb.
     0 | D:1      | Reached XP level 1. HP: 13/13 MP: 3/3
   117 | D:1      | Reached skill level 4 in Conjurations
   117 | D:1      | Reached XP level 2. HP: 19/19 MP: 0/5
   120 | D:1      | Learned a level 2 spell: Searing Ray
   610 | D:1      | Reached XP level 3. HP: 24/24 MP: 2/6
  1266 | D:2      | Reached XP level 4. HP: 30/30 MP: 3/7
  1268 | D:2      | You fall into a shaft and drop 2 floors!
  1299 | D:4      | Noticed a lemure
  1300 | D:4      | Noticed a lemure
  1302 | D:4      | Noticed Pikel
  1303 | D:4      | Noticed a lemure
  1307 | D:4      | Noticed a lemure
  1315 | D:4      | Slain by Pikel

Illustrated notes

Levels and vault maps discovered:
D:1:      erik_arrival_cave_to_civilisation [erik_arrival_cave_to_hall],
          layout_basic, hangedman_decor_riveting, hex_medium
D:2:      layout_rooms, nicolae_ru_path_of_blood, marbit_many_paths,
          uniq_terence
D:4:      layout_rooms, grunt_gozag_statues, nicolae_overflow_crystal_walls,
          serial_shops, nicolae_shop_trees, uniq_pikel, uniq_sigmund,
          uniq_edmund, uniq_robin

Skill      XL: |  1 |
---------------+----+-----
Conjurations   | 4 |  4.8
Dodging        | |  1.7
Stealth        | |  2.4
Spellcasting   | |  2.1

Action                   |  1- 3 |  4- 6 || total
-------------------------+-------+-------++-------
Melee: Unarmed           |     8 |       ||     8
       Short sword       |    40 |       ||    40
 Cast: Magic Dart        |    45 |       ||    45
       Searing Ray       |     3 |       ||     3
 Abil: Dig               |       |     2 ||     2
       Shaft Self        |       |     1 ||     1
 Stab: Sleeping          |     1 |       ||     1
Armor: Robe              |    13 |       ||    13
Dodge: Dodged            |    42 |    13 ||    55
